 Dungeon Crawl Stone Soup version 0.31-a0-167-g1c394c0614 (webtiles) character file.

Game seed: 7169104992201609892

10 Moral the Trooper (level 2, 0/24 HPs)
             Began as a Merfolk Fighter on June 15, 2023.
             Slain by a jackal (3 damage)
             ... on level 1 of the Dungeon.
             The game lasted 00:00:59 (162 turns).

Moral the Trooper (Merfolk Fighter)                  Turns: 162, Time: 00:00:59

Health: 0/24       AC:  0    Str: 16    XL:     2   Next: 20%
Magic:  2/2        EV: 11    Int:  7    God:
Gold:   0          SH:  0    Dex: 13    Spells: 1/1 levels left

rFire   . . .        a - +0 long sword
rCold   . . .        (no shield)
rNeg    . . .        (no body armour)
rPois   .            (no helmet)
rElec   .            (no cloak)
rCorr   .            (no gloves)
SInv    .            (no boots)
Will    .....        (no amulet)
Stlth   +            (no ring)
HPRegen 0.24/turn    (no ring)
MPRegen 0.08/turn

%: no passive effects
@: no status effects
A: (nimble swimmer 2), mertail
a: no special abilities


You were on level 1 of the Dungeon.
You visited 1 branch of the dungeon, and saw 1 of its levels.

Inventory:

Hand Weapons
 a - a +0 long sword (weapon)
Potions
 d - a potion of might


   Skills:
 * Level 3.5 Fighting
 * Level 2.7 Long Blades
 - Level 2.1 Armour
 * Level 1.1 Dodging
 + Level 0.7 Stealth
 - Level 3.0 Shields


You had one spell level left.
You didn't know any spells.
Your spell library was empty.

Dungeon Overview and Level Annotations

Branches:
Dungeon (1/15)

Altars:


Innate Abilities, Weirdness & Mutations

((You are very nimble when in or above water. (Stealth+, EV+, Speed+++)))
Your lower body shifts to a powerful aquatic tail in water.


Message History

You kill the kobold!
Your Dodging skill increases to level 1!
Found 7 gold pieces.
Things that are here:
a +0 whip; 3 stones You slash the ball python!
You kill the ball python!
You closely miss the hobgoblin.
An endoplasm comes into view.
The hobgoblin closely misses you.
A jackal comes into view.
The jackal bites you.
The endoplasm quivers.
You hit the hobgoblin.
The hobgoblin is moderately wounded.
The hobgoblin hits you. The jackal barely misses you. The hobgoblin hits you.
You barely miss the hobgoblin.
The hobgoblin is moderately wounded.
The jackal bites you. The jackal closely misses you.
A hobgoblin comes into view.
The hobgoblin barely misses you.
You hit the hobgoblin.
You kill the hobgoblin!
The jackal closely misses you. The jackal barely misses you.
The jackal bites you. The endoplasm freezes you.
You are frozen.
* * * LOW HITPOINT WARNING * * *
You see here a hobgoblin corpse.
The jackal bites you.
* * * LOW HITPOINT WARNING * * *
The jackal bites you.
* * * LOW HITPOINT WARNING * * *
The jackal misses you. The endoplasm attacks as you move away!
The endoplasm hits you.
* * * LOW HITPOINT WARNING * * *
The jackal barely misses you. The jackal attacks as you move away!
The jackal closely misses you. The jackal bites you.
You die...

......#....#.# ............
......#.#....# .......#....
......#.###### #...#...#...
......#......# .#...#...#..
............## ..#...#...#.
...........# ...#.#.#...#
####.......## #...#...#...
####..†)....#...#.#...<.#..
........gJh@......#.....#.#.
...##.....h.##.....#...#...#
.. #.......# .....##.. ..##
#.......# . # .#. .#.
#.......# ...# #...
#.......# .... . . #.....$.#
..... .. ........#


You could see an endoplasm, 2 jackals and a hobgoblin.

Vanquished Creatures
  3 ball pythons (D:1)
  A giant cockroach (D:1)
  A hobgoblin (D:1)
  3 bats (D:1)
  2 kobolds (D:1)
10 creatures vanquished.

Notes
Turn   | Place    | Note
-------+----------+-------------------------------------------
     0 | D:1      | Moral the Merfolk Fighter began the quest for the Orb.
     0 | D:1      | Reached XP level 1. HP: 18/18 MP: 1/1
   107 | D:1      | Reached XP level 2. HP: 16/24 MP: 2/2
   152 | D:1      | Reached skill level 1 in Dodging
   162 | D:1      | Slain by a jackal

Illustrated notes

Levels and vault maps discovered:
D:1:      matt_arrival_diagonals, layout_basic

Skill      XL: |  1  2 |
---------------+-------+-----
Dodging        | 1 |  1.1
Fighting       | |  3.5
Long Blades    | |  2.7
Armour         | |  2.1
Stealth        | |  0.7
Shields        | |  3.0

Action                     || total
---------------------------++-------
  Melee: Long sword        ||    21
  Dodge: Dodged            ||    47

Table legend: (Time is in decaauts)
 A = Elapsed time spent in this place.
 B = Non-inter-level travel time spent in this place.
 C = Inter-level travel time spent in this place.
 D = Time resting spent in this place.
 E = Time spent auto-exploring this place.
 F = Levels seen in this place.
 G = Mean time per level.
                   A        B        C        D        E       F      G
               +--------+--------+--------+--------+--------+-----+--------+
         Total |    167 |    167 |      0 |      0 |     88 |   1 |  167.0 |
       Dungeon |    167 |    167 |      0 |      0 |     88 |   1 |  167.0 |
               +--------+--------+--------+--------+--------+-----+--------+

Top non-repeatable levels by time:
     D:1: 167 daAuts
